 Dungeon Crawl Stone Soup version 0.29.1-1-gd02db6906a (webtiles) character file.

Game seed: 16749076701210690025

23 Earthwalker the Trooper (level 2, -4/27 HPs)
             Began as a Minotaur Fighter on Oct 10, 2022.
             Slain by a gnoll
             ... wielding a +0 halberd
              (7 damage)
             ... on level 2 of the Dungeon.
             The game lasted 00:02:24 (750 turns).

Earthwalker the Trooper (Minotaur Fighter)           Turns: 750, Time: 00:02:25

Health: -4/27      AC:  7    Str: 20    XL:     2   Next: 75%
Magic:  1/1        EV:  9    Int:  5    God:
Gold:   48         SH:  5    Dex:  9    Spells: 1/1 levels left

rFire   . . .      SeeInvis .   a - +0 trident
rCold   . . .      Faith    .   c - +1 buckler
rNeg    . . .      Spirit   .   b - +0 scale mail
rPois   .          Reflect  .   (helmet restricted)
rElec   .          Harm     .   (no cloak)
rCorr   .          Rampage  .   (no gloves)
Will    .....                   (no boots)
Stlth   ..........              (no amulet)
HPRegen 0.09/turn               (no ring)
MPRegen 0.07/turn               (no ring)

@: no status effects
A: horns 2, retaliatory headbutt
a: no special abilities


You were on level 2 of the Dungeon.
You visited 1 branch of the dungeon, and saw 2 of its levels.

You collected 48 gold pieces.

Inventory:

Hand Weapons
 a - a +0 trident (weapon)
Missiles
 m - 3 poisoned darts (quivered)
Armour
 b - a +0 scale mail (worn)
 c - a +1 buckler (worn)
Potions
 d - a potion of might
 g - 2 potions of flight
 i - a potion of attraction
 k - 2 potions of resistance {unknown}


   Skills:
 * Level 4.2 Fighting
 * Level 3.1 Polearms
 * Level 3.7 Armour
 * Level 0.1 Dodging
 * Level 3.8 Shields


You had one spell level left.
You didn't know any spells.
Your spell library was empty.

Dungeon Overview and Level Annotations

Branches:
Dungeon (2/15)

Altars:


Innate Abilities, Weirdness & Mutations

You have a pair of horns on your head.
You reflexively headbutt those who attack you in melee.


Message History

g - 2 potions of flight
As you read the scroll of identify, it crumbles to dust.
i - a potion of attraction
As you read the scroll labelled NIBBIA MEFAIG, it crumbles to dust.
Magic quickly surges around you.
It was a scroll of vulnerability.
Your surroundings suddenly seem different.
You start waiting.
You feel your willpower return.
There is a stone staircase leading down here.
You climb downwards.
The goblin shouts!
You hear a shout! x2
There is a stone staircase leading up here.
You reach to attack!
You barely miss the goblin. You hit the goblin.
You kill the goblin!
No target in view! 4 gnolls come into view.
The gnoll shouts! x4
You reach to attack!
You puncture the gnoll!
The gnoll is heavily wounded.
The gnoll hits you from afar with a +0 spear!
You block the gnoll's attack.
You reach to attack!
You hit the gnoll.
The gnoll is almost dead.
The gnoll hits you from afar with a +0 spear.
The gnoll hits you from afar with a +0 halberd!
* * * LOW HITPOINT WARNING * * *
You are too injured to fight recklessly!
You are too injured to fight recklessly!
You hit the gnoll.
The gnoll is lightly wounded.
You block the gnoll's attack.
Something unseen opens the door.
The gnoll barely misses you. The gnoll closely misses you.
The gnoll hits you but does no damage. The gnoll hits you with a +0 club.
* * * LOW HITPOINT WARNING * * *
You hit the gnoll but do no damage.
The gnoll is lightly wounded.
The gnoll barely misses you.
The gnoll hits you from afar with a +0 halberd!
You die...

### # ..
.. .. ...
####. ....
#<.' .....
#)g#g.....
#.@.g.....
##g...###+
##.....#
.#.....
##...#.
.... ....
..#


You could see 4 gnolls.

Vanquished Creatures
  A dart slug (D:1)
  4 ball pythons (D:1)
  3 endoplasms (D:1)
  2 goblins
  2 hobgoblins (D:1)
  3 bats (D:1)
  2 frilled lizards (D:1)
  A kobold (D:1)
  2 rats (D:1)
20 creatures vanquished.

Notes
Turn   | Place    | Note
-------+----------+-------------------------------------------
     0 | D:1      | Earthwalker the Minotaur Fighter began the quest for the
                  | Orb.
     0 | D:1      | Reached XP level 1. HP: 19/19 MP: 0/0
    54 | D:1      | Reached skill level 4 in Fighting
    55 | D:1      | Reached XP level 2. HP: 23/27 MP: 1/1
   275 | D:1      | Found a faded altar of an unknown god.
   681 | D:1      | Identified a scroll of acquirement
   681 | D:1      | Acquired 941 gold pieces
   750 | D:2      | Slain by a gnoll

Illustrated notes

Levels and vault maps discovered:
D:1:      evilmike_arrival_hilbert_curve, layout_rooms,
          ebering_ecumenical_altar_sacrificial, minmay_tetromino_i4
D:2:      layout_basic

Skill      XL: |  1  2 |
---------------+-------+-----
Fighting       | 4 |  4.2
Polearms       | 3 |  3.1
Armour         | |  3.7
Dodging        | |  0.1
Shields        | |  3.8

Action                   || total
-------------------------++-------
Melee: Trident           ||    48
       Headbutt          ||     3
  Use: Scroll            ||     8
Armor: Scale mail        ||    18
Dodge: Dodged            ||    22
Block: Buckler           ||    11
